 Dungeon Crawl Stone Soup version 0.31-a0-819-gf6de2f5ab6 (webtiles) character file.

Game seed: 410491294524285379

604 Kurtz the Chopper (level 7, -8/46 HPs)
             Began as an Octopode Fighter on Sept 25, 2023.
             Killed from afar by Dowan (25 damage)
             ... with a shard of ice
             ... on level 4 of the Dungeon.
             The game lasted 00:01:31 (2551 turns).

Kurtz the Chopper (Octopode Fighter)                Turns: 2551, Time: 00:01:31

Health: -8/46      AC:  1    Str: 16    XL:     7   Next: 42%
Magic:  7/7        EV: 13    Int: 10    God:
Gold:   243        SH:  4    Dex: 13    Spells: 6/6 levels left

rFire   . . .        a - +0 war axe
rCold   . . .        b - +0 buckler
rNeg    . . .        (helmet restricted)
rPois   .            (no amulet)
rElec   .            (no ring)
rCorr   .            (no ring)
SInv    .            (no ring)
Will    .....        (no ring)
Stlth   ++           (no ring)
HPRegen 0.27/turn    (no ring)
MPRegen 0.10/turn    (no ring)
                     (no ring)

%: no passive effects
@: no status effects
A: almost no armour, amphibious, 8 rings, camouflage 1, gelatinous body 1,
(nimble swimmer 1), tentacles
a: no special abilities


You were on level 4 of the Dungeon.
You visited 1 branch of the dungeon, and saw 4 of its levels.

You collected 243 gold pieces.

Inventory:

Hand Weapons
 a - a +0 war axe (weapon)
Missiles
 l - 2 poisoned darts
Armour
 b - a +0 buckler (worn)
Wands
 j - a wand of charming (2)
Scrolls
 d - 6 scrolls of identify {unknown}
 e - a scroll of torment {unknown}
 f - 3 scrolls of teleportation {unknown}
 g - a scroll of silence {unknown}
 h - a scroll of fog {unknown}
 k - a scroll of poison {unknown}
Potions
 c - a potion of curing
 i - 3 potions of might


   Skills:
 * Level 3.6 Fighting
 * Level 7.7 Axes
 - Level 3.0 Dodging
 - Level 3.0 Shields


You had 6 spell levels left.
You didn't know any spells.
Your spell library contained the following spells:

 Spells                   Type           Power      Damage    Failure   Level
 Blink                    Tloc           0%         N/A       58%         2
 Lesser Beckoning         Tloc           0%         N/A       58%         2
 Momentum Strike          Conj/Tloc      0%         3d8       58%         2
 Static Discharge         Conj/Air       0%         2-2/arc   58%         2
 Airstrike                Air            0%         2d(0-16)  99%         4
 Summon Lightning Spire   Summ/Air       0%         N/A       99%         4
 Simulacrum               Ice/Necr       0%         N/A       100%        6
 Ozocubu's Refrigeration  Ice            0%         4d7       100%        7
 Polar Vortex             Ice            0%         N/A       100%        9


Dungeon Overview and Level Annotations

Branches:
Dungeon (4/15)
 Temple: D:4-7

Altars:
Dithmenos
Fedhas
Nemelex Xobeh

Annotations:
D:4 Dowan


Innate Abilities, Weirdness & Mutations

You cannot wear most types of armour.
You are amphibious.
You can wear up to eight rings at the same time.
Your skin changes colour to match your surroundings (Stealth+).
Your rubbery body absorbs attacks. (AC +1, EV +1)
((You are camouflaged when in or above water. (Stealth+)))
You have tentacles for arms and can constrict up to eight enemies at once.


Message History

Duvessa is nearby!
Duvessa shouts!
You hear a shout!
Dowan, Brother of Duvessa comes into view.
He is wielding a +0 dagger.
There are monsters nearby!
There are monsters nearby!
Duvessa hits you with a +0 short sword!
You slash Duvessa! You grab Duvessa. You squeeze Duvessa.
Duvessa is moderately wounded.
You constrict Duvessa. You block Duvessa's attack.
Duvessa hits you with a +0 short sword!
Dowan gestures wildly while chanting.
Dowan blinks!
Duvessa is nearby!
You hit Duvessa.
Duvessa is severely wounded.
You constrict Duvessa, but do no damage.
Duvessa hits you with a +0 short sword.
You hit Duvessa.
Duvessa is severely wounded.
You constrict Duvessa, but do no damage.
Duvessa hits you with a +0 short sword.
Unknown command.
You slash Duvessa!
Duvessa is almost dead.
You constrict Duvessa, but do no damage.
You block Duvessa's attack.
Unknown command.
You slash Duvessa!
You kill Duvessa!
Dowan screams, "No!
Oh no!"
Dowan seems to find hidden reserves of power!
You block Dowan's attack.
You closely miss Dowan. Your grab misses Dowan. Dowan misses you.
Dowan hits you with a +0 dagger.
You slash Dowan! Your grab misses Dowan.
Dowan is heavily wounded.
Dowan gestures at you while chanting. The shard of ice hits you!!
Ouch! That really hurt!
You die...

.###.#
#...##.....#########
..##.## #....##...##
#.##..# #.....#####
#.###.# #######
#.###.# #.....# .
####### ... #######
#####..... #......
###.@e...... #......
#########...###.....
#..♣♣♣♣
#####.........###
... #..♣...
......######### #
#..♣.♣♣ #######
#..♣.♣. #..♣.♣♣
#..♣.♣♣ #..♣...
#..♣♣♣♣


You could see Dowan (fast).

Vanquished Creatures
  Sigmund (D:2)
  Duvessa (D:4)
  A phantom (D:4)
  An orc priest (D:3)
  2 orc wizards (D:3)
  4 gnolls
  7 adders
  2 dart slugs
  7 orcs
  7 ball pythons
  4 bats
  3 endoplasms
  7 giant cockroaches
  8 goblins
  A hobgoblin (D:1)
  9 jackals
  4 kobolds
  5 quokkas
  2 frilled lizards (D:2)
  2 rats
78 creatures vanquished.

Notes
Turn   | Place    | Note
-------+----------+-------------------------------------------
     0 | D:1      | Kurtz the Octopode Fighter began the quest for the Orb.
     0 | D:1      | Reached XP level 1. HP: 16/16 MP: 1/1
    92 | D:1      | Reached skill level 3 in Axes
    92 | D:1      | Reached XP level 2. HP: 15/21 MP: 2/2
   671 | D:2      | Reached XP level 3. HP: 26/26 MP: 3/3
   749 | D:2      | Reached skill level 4 in Axes
   752 | D:2      | Reached XP level 4. HP: 24/31 MP: 4/4
   999 | D:2      | Noticed Sigmund
  1010 | D:2      | Killed Sigmund
  1011 | D:2      | Reached skill level 6 in Axes
  1011 | D:2      | Reached XP level 5. HP: 36/36 MP: 5/5
  1011 | D:2      | Reached XP level 6. HP: 42/42 MP: 6/6
  1366 | D:3      | Found a sparkling altar of Nemelex Xobeh.
  1425 | D:3      | Found a blossoming altar of Fedhas.
  1846 | D:4      | Found a shadowy altar of Dithmenos.
  1857 | D:4      | Reached skill level 7 in Axes
  1965 | D:4      | Reached XP level 7. HP: 30/46 MP: 7/7
  2540 | D:4      | Noticed Duvessa
  2542 | D:4      | Noticed Dowan
  2549 | D:4      | Killed Duvessa
  2551 | D:4      | Killed from afar by Dowan

Illustrated notes

Levels and vault maps discovered:
D:1:      dpeg_arrival_tiny_b, layout_basic
D:2:      layout_basic, serial_forest, infiniplex_forest_end_3,
          infiniplex_forest_clump_double, infiniplex_forest_clump_small,
          infiniplex_forest_lined_2, minmay_misc_feat_cross, uniq_sigmund
D:3:      layout_rooms, old_standard_altar, nicolae_overflow_hidden_temple,
          st_stairs_5
D:4:      layout_rooms, nicolae_dithmenos_through_a_glass_darkly,
          kennysheep_small_spiral, uniq_duvessa

Skill      XL: |  1  2  3  4  5  6 |
---------------+-------------------+-----
Axes           | 3 4 6 7 |  7.7
Fighting       | |  3.6
Dodging        | |  3.0
Shields        | |  3.0

Action                     |  1- 3 |  4- 6 |  7- 9 || total
---------------------------+-------+-------+-------++-------
  Melee: War axe           |    32 |    84 |    19 ||   135
         Constrict         |     8 |    27 |     3 ||    38
         Tentacles         |     3 |     9 |     1 ||    13
         Punch             |       |     1 |       ||     1
    Use: Potion            |       |     2 |       ||     2
   Stab: Sleeping          |     5 |     9 |       ||    14
         Distracted        |       |     1 |       ||     1
 Armour: Skin              |    12 |    36 |     9 ||    57
  Dodge: Dodged            |    19 |    46 |     9 ||    74
  Block: Buckler           |     2 |    13 |     5 ||    20

Table legend: (Time is in decaauts)
 A = Elapsed time spent in this place.
 B = Non-inter-level travel time spent in this place.
 C = Inter-level travel time spent in this place.
 D = Time resting spent in this place.
 E = Time spent auto-exploring this place.
 F = Levels seen in this place.
 G = Mean time per level.
                   A        B        C        D        E       F      G
               +--------+--------+--------+--------+--------+-----+--------+
         Total |   2586 |   2484 |    102 |    278 |   1785 |   4 |  646.5 |
       Dungeon |   2586 |   2484 |    102 |    278 |   1785 |   4 |  646.5 |
               +--------+--------+--------+--------+--------+-----+--------+

Top non-repeatable levels by time:
     D:3: 728 daAuts
     D:4: 713 daAuts
     D:1: 666 daAuts
     D:2: 476 daAuts
